 Dungeon Crawl Stone Soup version 0.26-a0-651-gb41185065b (webtiles) character file.

Game seed: 14892856692071105911

421423 Arthanis the Executioner (level 23, 0/161 HPs)
             Began as a Gargoyle Berserker on Oct 4, 2020.
             Was the Champion of Trog.
             Slain by an Ice Fiend (51 damage)
             ... summoned by a deep elf demonologist
             ... on level 3 of the Elven Halls.
             The game lasted 01:30:56 (48027 turns).

Arthanis the Executioner (Gargoyle Berserker)      Turns: 48027, Time: 01:30:56

Health: 0/161      AC: 52    Str: 35    XL:     23   Next: 72%
Magic:  4/4        EV: 10    Int: 16    God:    Trog [******]
Gold:   252        SH:  0    Dex: 18    Spells: 22/22 levels left

rFire    + + .     SeeInvis .   b - +9 executioner's axe (antimagic)
rCold    . . .     Faith    .   (shield currently unavailable)
rNeg     + + +     Spirit   .   E - +1 crystal plate armour
rPois    ∞         Reflect  .   Y - +0 helmet of the Raven {+Blink rN+ MP-9 Slay+2}
rElec    +         Harm     .   e - +2 cloak "Itsuisch" {rElec}
rCorr    .         Rampage  .   V - +2 pair of gloves of Kikubaaqudgha's Esteem {rPois}
MR       ++++.     Clarity  +   N - +0 pair of boots "Eddaajeil" {*Drain +Inv rPois Dex+5}
Stlth    ..........             B - amulet of the Four Winds {rN+ MR+++ Clar}
HPRegen  0.36/turn              k - ring "Qalun" {rElec Str+6 Dex+4}
MPRegen  0.09/turn              x - ring "Fofrouxt" {+Inv rPois rF++ Str+6}

@: berserk cooldown, flying, slowed, very slow
A: big wings, negative energy resistance 1, electricity resistance, unbreathing,
petrification resistance, rot immunity, AC +17
}: 2/15 runes: barnacled, gossamer
a: Stop Flying, Berserk, Trog's Hand, Brothers in Arms, Renounce Religion, Evoke
Blink, Evoke Invisibility


You were on level 3 of the Elven Halls.
You worshipped Trog.
Trog was exalted by your worship.
You visited 7 branches of the dungeon, and saw 38 of its levels.
You visited 1 bazaar.
You also visited: Trove, Ice Cave and Desolation.

You collected 4978 gold pieces.
You spent 4726 gold pieces at shops.

Inventory:

Hand Weapons
 a - the +10 battleaxe of the Heavens {vorpal, rF+ Str+4}
   (Trog gifted it to you on level 6 of the Lair of Beasts)

   It inflicts extra damage upon your enemies.
   It affects your strength (+4).
   It protects you from fire.
 b - a +9 antimagic executioner's axe (weapon)
 c - a +0 spear of venom
 v - a +6 executioner's axe of flaming
 L - the +11 broad axe "Nushec" {flame, rF+ Str+3 Int+4}
   (Trog gifted it to you on level 2 of the Spider Nest)

   It has been specially enchanted to burn those struck by it, causing extra
   injury to most foes and up to half again as much damage against particularly
   susceptible opponents.
   Big, fiery blades are also staple armaments of hydra-hunters.
   It affects your strength (+3).
   It affects your intelligence (+4).
   It protects you from fire.
 O - the +9 broad axe "Noufi" {antimagic, *Noise rF++}
   (You found it on level 4 of the Vaults)

   It reduces the magical energy of the wielder, and disrupts the spells and
   magical abilities of those hit.
   Natural abilities and divine invocations are not affected.
   It greatly protects you from fire.
   It may make noises in combat.
Armour
 e - the +2 cloak "Itsuisch" (worn) {rElec}
   (You found it on level 2 of the Elven Halls)

   It insulates you from electricity.
 w - a +0 tower shield
 E - a +1 crystal plate armour (worn)
 N - the +0 pair of boots "Eddaajeil" (worn) {*Drain +Inv rPois Dex+5}
   (You bought it in a shop on level 3 of the Vaults)

   It affects your dexterity (+5).
   It protects you from poison.
   It lets you turn invisible.
   It causes draining when unequipped.
 V - the +2 pair of gloves of Kikubaaqudgha's Esteem (worn) {rPois}
   (You found it in an ice cave)

   It protects you from poison.
 Y - the +0 helmet of the Raven (worn) {+Blink rN+ MP-9 Slay+2}
   (You found it in the Desolation of Salt)

   It affects your accuracy and damage with ranged weapons and melee attacks
   (+2).
   It protects you from negative energy.
   It affects your magic capacity (-9).
   It lets you blink.
Jewellery
 k - the ring "Qalun" (left hand) {rElec Str+6 Dex+4}
   (You bought it in a shop on level 2 of the Orcish Mines)

   [ring of strength]

   It affects your strength (+6).
   It affects your dexterity (+4).
   It insulates you from electricity.
 n - an uncursed amulet of reflection
 o - an uncursed ring of resist corrosion
 x - the ring "Fofrouxt" (right hand) {+Inv rPois rF++ Str+6}
   (You acquired it on level 15 of the Dungeon)

   [ring of strength]

   It affects your strength (+6).
   It greatly protects you from fire.
   It protects you from poison.
   It lets you turn invisible.
 B - the amulet of the Four Winds (around neck) {rN+ MR+++ Clar}
   (You found it in a treasure trove)

   [amulet of nothing]

   It protects you from negative energy.
   It affects your resistance to hostile enchantments.
   It protects you against confusion.
 I - a cursed +4 ring of evasion
 Q - the ring "Areig" {rN+ SInv}
   (You took it off a servant of whispers in the Desolation of Salt)

   [ring of see invisible]

   It protects you from negative energy.
   It lets you see invisible.
Wands
 R - a wand of acid (57)
 W - a wand of disintegration (24)
 X - a wand of iceblast (35)
Scrolls
 d - 11 scrolls of teleportation
 f - 2 scrolls of summoning
 i - a scroll of brand weapon
 j - 4 scrolls of immolation
 l - 6 scrolls of enchant armour
 r - 7 scrolls of blinking
 s - 20 scrolls of remove curse
 A - 7 scrolls of enchant weapon (quivered)
 D - 3 scrolls of holy word
 F - 13 scrolls of identify
 J - 5 scrolls of fog
 K - 11 scrolls of fear
 P - a scroll of silence
 T - 5 scrolls of magic mapping
Potions
 g - 9 potions of haste
 h - 7 potions of resistance
 m - 6 potions of lignification
 p - 7 potions of might
 q - 3 potions of magic
 t - 8 potions of curing
 u - 12 potions of heal wounds
 y - a potion of stabbing
 z - 3 potions of cancellation
 C - 2 potions of invisibility
 G - 6 potions of brilliance
 M - a potion of berserk rage
 U - 7 potions of ambrosia
 Z - 6 potions of mutation
Miscellaneous
 H - a box of beasts (3/3)
 S - a lightning rod (4/4)


   Skills:
 + Level 21.9 Fighting
 * Level 25.1 Axes
 - Level 15.0 Armour
 - Level 4.1 Dodging
 - Level 1.3 Stealth
 + Level 12.5 Evocations


You had 22 spell levels left.
You didn't know any spells.
Your spell library contained the following spells:

 Spells                   Type           Power        Failure   Level
 Animate Skeleton         Necr           #.....       95%         1
 Apportation              Tloc           #.....       95%         1
 Beastly Appendage        Tmut           #.....       95%         1
 Corona                   Hex            #......      95%         1
 Freeze                   Ice            #...         95%         1
 Magic Dart               Conj           #...         95%         1
 Pain                     Necr           #...         95%         1
 Summon Small Mammal      Summ           #...         95%         1
 Call Imp                 Summ           #.......     99%         2
 Corpse Rot               Necr/Air       N/A          99%         2
 Ensorcelled Hibernation  Hex/Ice        #.....       99%         2
 Passwall                 Tmut/Erth      #.......     99%         2
 Searing Ray              Conj           #.....       99%         2
 Slow                     Hex            #.......     99%         2
 Swiftness                Air            #.......     99%         2
 Wereblood                Tmut           #.......     99%         2
 Confusing Touch          Hex            #.......     100%        3
 Dazzling Flash           Conj/Hex       #.....       100%        3
 Frozen Ramparts          Ice            #.....       100%        3
 Ignite Poison            Fire/Tmut/Pois #.......     100%        3
 Mephitic Cloud           Conj/Pois/Air  #.......     100%        3
 Ozocubu's Armour         Ice            #.......     100%        3
 Spider Form              Tmut/Pois      #.........   100%        3
 Tukima's Dance           Hex            #.......     100%        3
 Dispel Undead            Necr           #.......     100%        4
 Fulminant Prism          Conj/Hex       #.........   100%        4
 Hailstorm                Conj/Ice       #.......     100%        4
 Ice Form                 Ice/Tmut       #.......     100%        4
 Iskenderun's Mystic Bla  Conj/Tloc      #.......     100%        4
 Leda's Liquefaction      Hex/Erth       #.........   100%        4
 Petrify                  Tmut/Erth      #.......     100%        4
 Sticky Flame             Conj/Fire      #.......     100%        4
 Summon Ice Beast         Ice/Summ       #.......     100%        4
 Agony                    Necr           #.......     100%        5
 Blade Hands              Tmut           #.........   100%        5
 Bolt of Magma            Conj/Fire/Erth #.........   100%        5
 Excruciating Wounds      Necr           #.........   100%        5
 Irradiate                Conj/Tmut      #.........   100%        5
 Lightning Bolt           Conj/Air       #.........   100%        5
 Metabolic Englaciation   Hex/Ice        #.........   100%        5
 Summon Mana Viper        Hex/Summ       #.......     100%        5
 Conjure Ball Lightning   Conj/Air       #.........   100%        6
 Freezing Cloud           Conj/Ice/Air   #.........   100%        6
 Hydra Form               Tmut           #.........   100%        6
 Iron Shot                Conj/Erth      #.........   100%        6
 Ozocubu's Refrigeration  Ice            #.........   100%        6
 Simulacrum               Ice/Necr       #.........   100%        6
 Dragon Form              Tmut           #.........   100%        7
 Haunt                    Necr/Summ      #.........   100%        7
 Malign Gateway           Summ/Tloc      #.........   100%        7
 Spellforged Servitor     Conj/Summ      #.........   100%        7
 Borgnjor's Revivificati  Necr           #.........   100%        8
 Discord                  Hex            #.........   100%        8
 Ignition                 Fire           #.........   100%        8
 Infestation              Necr           #.........   100%        8
 Necromutation            Tmut/Necr      #.........   100%        8
 Death's Door             Necr           #.........   100%        9
 Dragon's Call            Summ           #.........   100%        9
 Shatter                  Erth           #.........   100%        9
 Sublimation of Blood     Necr           Unusable     N/A         2
 Statue Form              Tmut/Erth      Unusable     N/A         6

Dungeon Overview and Level Annotations

Branches:
Dungeon (15/15)            Temple (0/1) D:7            Lair (6/6) D:11
 Shoals (4/4) Lair:4       Spider (4/4) Lair:3        Slime (0/5) Lair:6
    Orc (2/2) D:9             Elf (3/3) Orc:2        Vaults (4/5) D:13
  Crypt (0/3) Vaults:3     Depths (0/5) D:15          IceCv (visited)
Desolation (visited)

Altars:
Cheibriados
Dithmenos
Elyvilon
Fedhas
Gozag
Kikubaaqudgha
Makhleb
Okawaru
Ru
Trog
Uskayaw
Vehumet
Yredelemnul
Zin
Beogh

Shops:
D:14 ?   D:15 !   Orc:1 (   Orc:2 !((=   Elf:1 !   Shoals:1 **   Vaults:3 :[?((

Annotations:
Orc:1 1 runed translucent door, exclusion: 4 orange crystal statues


Innate Abilities, Weirdness & Mutations

You are resistant to torment.
Your stone body is resilient. (AC +17)
You are immune to poison.
Your large and strong wings let you fly indefinitely.
You resist negative energy. (rN+)
You are resistant to electric shocks. (rElec)
You can survive without breathing.
You are immune to petrification.
You are immune to rotting.


Message History

The deep elf demonologist casts a spell.
You slice the Ice Fiend!!
The Ice Fiend's magic leaks into the air.
The Ice Fiend is lightly wounded.
The Ice Fiend barely misses you. The Ice Fiend closely misses you.
You slice the Ice Fiend!!
The Ice Fiend's magic leaks into the air.
The Ice Fiend is heavily wounded.
The Ice Fiend gestures at you. The bolt of cold hits you!!!
You are too injured to fight recklessly!
You are too injured to fight recklessly!
You slice the deep elf demonologist!!
The deep elf demonologist's magic leaks into the air.
The deep elf demonologist is severely wounded.
You slash the Ice Fiend!
The Ice Fiend's magic leaks into the air.
The deep elf demonologist hits you but does no damage.
The Ice Fiend claws you. The Ice Fiend freezes you!!!
You die...

###.####.## #...# #.#
#.# #)).# #.# #.#
###(### #.# #.#
###.))).### #.# #.#
###...)))...# ####.#
#.# #.
###.)(.....(....#
.....# #.#
#'###................
###### #.#
#.......###.....###..
#.# #...@..## ##...##
. #########.#
#..1e..# #...#
..........# #......##
#...# ###########
#.......###.....#
#'###............ #}
###...###. # ###...#
###..# ...#


You could see an Ice Fiend (summoned) and a deep elf demonologist.

Vanquished Creatures
  Sojobo (Vaults:4)
  Jory (Vaults:2)
  A tentacled monstrosity (Vaults:3)
  Rupert (Orc:2)
  Asterion (Spider:2)
  2 deep elf blademasters (Elf:3)
  2 deep elf master archers (Elf:3)
  The ghost of Horhip the Nimble, an adept DrVM of Sif Muna (Elf:2)
  Polyphemus (Shoals:3)
  A sphinx (Vaults:2)
  Frances (Elf:1)
  2 krakens (Shoals:4)
  Roxanne (D:14)
  2 tengu reavers (Vaults:4)
  3 fire giants
  Ilsuiw (Shoals:2)
  4 deep elf sorcerers (Elf:3)
  2 orc warlords (Orc:1)
  3 frost giants
  4 ghost moths
  10 vault wardens
  A deep elf elementalist (Elf:3)
  9 emperor scorpions
  2 imperial myrmidons (Desolation)
  10 ironheart preservers
  A war gargoyle (Vaults:1)
  5 stone giants
  A very ugly thing (Vaults:3)
  2 entropy weavers
  6 deep elf demonologists
  Nessos (D:15)
  8 deep elf annihilators
  Azrael (D:14)
  2 ettins
  8 merfolk impalers
  4 crystal guardians (Desolation)
  4 merfolk javelineers
  The ghost of Hymn the Severer, a journeyman DDFi of Ru (Shoals:1)
  4 deep elf death magi
  3 fire dragons
  7 yaktaur captains
  10 ragged hierophants (Desolation)
  10 deep elf high priests
  Erolcha (D:11)
  Josephine (Lair:5)
  10 vault guards
  12 servants of whispers (Desolation)
  A hydra (shapeshifter) (D:13)
  9 peacekeepers (Desolation)
  3 great orbs of eyes
  3 ice dragons
  Erica (D:8)
  4 merfolk avatars
  2 rakshasas
  8 centaur warriors
  11 hydras
  2 alligator snapping turtles (Shoals:3)
  2 death knights
  11 ogre magi
  7 merfolk aquamancers
  27 dancing weapons
  A catoblepas (Shoals:3)
  5 satyrs
  A deep troll earth mage (D:13)
  7 death yaks
  22 two-headed ogres
  2 tengu warriors
  3 orc high priests (Orc:2)
  Sonja (D:11)
  A small abomination (Elf:3)
  Nergalle (Lair:1)
  21 deep elf knights
  21 sea snakes
  7 skeletal warriors
  4 shadow wraiths
  3 deep trolls (Vaults:2)
  6 wizards
  3 unseen horrors
  An obsidian statue (Shoals:1)
  A glowing orange brain (Vaults:2)
  2 necromancers
  Pikel (D:8)
  19 harpies
  17 orc knights
  19 ironbrand convokers
  20 deep elf archers
  A stone giant zombie (Vaults:3)
  6 orc sorcerers
  17 orb spiders
  24 wolf spiders
  8 cyclopes
  54 ugly things
  59 deep elf magi
  13 manticores
  A moth of wrath (Spider:2)
  4 oklob plants (Lair:6)
  9 fauns
  9 elephants
  A fire giant skeleton (Vaults:3)
  A salamander (shapeshifter) (Vaults:2)
  3 centaur zombies (D:14)
  Joseph (D:8)
  2 water nymphs (Shoals:2)
  17 vault sentinels
  9 black mambas
  9 merfolk sirens
  2 torpor snails
  An ice statue (IceCv)
  A smoke demon (D:15)
  2 molten gargoyles (Desolation)
  2 guardian serpents (Desolation)
  2 gargoyles
  29 cane toads
  3 komodo dragons
  9 rime drakes
  A komodo dragon (shapeshifter) (Vaults:1)
  Maggie (D:6)
  22 yaktaurs
  5 demonic crawlers (Spider:2)
  A tengu conjurer (D:14)
  A merfolk (shapeshifter) (Vaults:3)
  18 freezing wraiths
  3 ice devils
  A queen bee (D:9)
  3 wind drakes
  28 merfolk
  2 efreet
  32 jumping spiders
  A harpy zombie (D:15)
  4 tyrant leeches (Lair:6)
  A jumping spider (shapeshifter) (Elf:1)
  2 polar bears (shapeshifter)
  A wolf spider simulacrum (IceCv)
  7 slime creatures
  72 saltlings (Desolation)
  5 trolls
  4 hornets
  19 dream sheep
  8 snapping turtles
  24 hippogriffs
  27 blink frogs
  2 raiju (shapeshifter)
  4 air elementals
  An ettin skeleton (Vaults:3)
  4 wyverns
  18 water elementals
  69 redbacks
  4 spriggans (Lair:2)
  28 tarantellas
  2 shadows
  18 humans (D:13)
  A human (shapeshifter) (Vaults:2)
  8 wraiths
  25 yaks
  4 basilisks
  8 fire elementals
  13 steam dragons
  A golden eye (shapeshifter) (Vaults:3)
  4 hogs (Spider:4)
  A death yak simulacrum (IceCv)
  3 human simulacra (Vaults:2)
  9 vampire mosquitoes
  9 wargs
  4 acid dragons
  Edmund (D:4)
  2 insubstantial wisps (D:12)
  11 water moccasins
  4 hell hounds
  8 porcupines
  8 ice beasts
  4 black bears
  59 orc warriors
  7 sky beasts
  30 ogres
  5 phantoms
  6 boggarts
  A necrophage (D:13)
  A centaur (shapeshifter) (Vaults:2)
  An elf skeleton (Vaults:3)
  30 centaurs
  12 crocodiles
  33 bullfrogs
  2 big kobolds
  An earth elemental (Elf:2)
  2 wyvern skeletons
  A hornet simulacrum (D:14)
  2 scorpions
  11 killer bees (D:9)
  5 electric eels
  15 wights
  3 howler monkeys
  A bullfrog zombie (D:13)
  4 crimson imps (D:15)
  4 draconian simulacra (IceCv)
  A quasit (D:7)
  3 bullfrog skeletons
  3 hounds
  8 centaur skeletons
  34 orc priests
  7 jellies
  Crazy Yiuf (D:3)
  Jessica (D:3)
  6 iguanas
  41 orc wizards
  2 spriggan simulacra (IceCv)
  9 worker ants
  2 polar bear simulacra (IceCv)
  7 troll simulacra (IceCv)
  2 centaur simulacra (IceCv)
  A hound skeleton (D:11)
  A worker ant zombie (D:11)
  Robin (D:3)
  4 gnolls (D:7)
  18 adders
  4 ogre simulacra (IceCv)
  A naga simulacrum (IceCv)
  16 white imps
  2 oozes
  An ufetubus (D:5)
  An adder zombie (D:7)
  7 worms
  2 dart slugs (D:1)
  4 leopard geckos
  118 orcs
  8 giant cockroaches
  22 goblins
  6 hobgoblins
  11 jackals
  6 kobolds
  7 quokkas
  3 ball pythons
  4 bats
  4 frilled lizards
  10 rats
  2 crawling corpses (Elf:3)
  A plant (Shoals:4)
  4 tentacles (Shoals:4)
1951 creatures vanquished.

Vanquished Creatures (collateral kills)
  Agnes (Spider:4)
  Kirke (Spider:4)
  An emperor scorpion (Spider:4)
  An orb spider (Spider:4)
  A wolf spider (Spider:4)
  A hornet (Spider:4)
6 creatures vanquished.

Vanquished Creatures (others)
  2 deep elf knights (Elf:2)
  An ugly thing (Vaults:2)
  2 deep elf magi (Elf:1)
  A rime drake (Lair:6)
  A yaktaur (D:15)
  A merfolk (Shoals:1)
  A wyvern (Lair:6)
  An orc warrior (Orc:2)
  An ogre (Vaults:4)
  A white imp (D:15)
  A kobold (D:13)
  33 fungi
  143 plants
  6 tentacles (Shoals:4)
  A withered plant (Elf:2)
196 creatures vanquished.

Grand Total: 2153 creatures vanquished

Notes
Turn   | Place    | Note
-------+----------+-------------------------------------------
     0 | D:1      | Arthanis the Gargoyle Berserker began the quest for the
                  | Orb.
     0 | D:1      | Reached XP level 1. HP: 14/14 MP: 1/1
   123 | D:1      | Reached skill level 3 in Axes
   123 | D:1      | Reached XP level 2. HP: 6/19 MP: 2/2
  1182 | D:2      | Reached XP level 3. HP: 22/23 MP: 3/3
  1260 | D:2      | Reached ** piety under Trog
  1360 | D:2      | Found a blossoming altar of Fedhas.
  1442 | D:2      | Reached skill level 1 in Stealth
  1442 | D:2      | Reached XP level 4. HP: 29/29 MP: 4/4
  2034 | D:3      | Noticed Robin
  2041 | D:3      | Killed Robin
  2099 | D:3      | Found a snail-covered altar of Cheibriados.
  2160 | D:3      | Reached XP level 5. HP: 31/33 MP: 5/5
  2221 | D:3      | Noticed Jessica
  2223 | D:3      | Reached skill level 4 in Axes
  2224 | D:3      | Found a sacrificial altar of Ru.
  2233 | D:3      | Killed Jessica
  2233 | D:3      | Reached *** piety under Trog
  2609 | D:3      | Found a runed translucent door.
  2610 | D:3      | Noticed Crazy Yiuf
  2617 | D:3      | Killed Crazy Yiuf
  2893 | D:4      | Reached XP level 6. HP: 25/39 MP: 6/6
  3054 | D:4      | Found a basalt altar of Yredelemnul.
  3145 | D:4      | Noticed a phantom
  3184 | D:4      | Killed a phantom
  3413 | D:5      | Entered Level 5 of the Dungeon
  3462 | D:5      | Reached skill level 5 in Axes
  3781 | D:4      | Noticed Edmund
  3798 | D:4      | Killed Edmund
  3798 | D:4      | Reached skill level 5 in Fighting
  3798 | D:4      | Reached XP level 7. HP: 44/44 MP: 3/7
  3963 | D:5      | Found a hide-covered altar of Uskayaw.
  3963 | D:5      | Found a shadowy altar of Dithmenos.
  3967 | D:5      | Found a burning altar of Makhleb.
  3967 | D:5      | Found an opulent altar of Gozag.
  4073 | D:5      | Found a glowing silver altar of Zin.
  4181 | D:5      | You fall into a shaft and drop 3 floors!
  4186 | D:8      | Got a faintly glowing flail
  4189 | D:8      | Noticed Joseph
  4204 | D:8      | Reached skill level 6 in Axes
  4216 | D:8      | Killed Joseph
  4216 | D:8      | Reached skill level 5 in Armour
  4216 | D:8      | Reached XP level 8. HP: 51/51 MP: 5/8
  4239 | D:8      | Identified the cursed +1 flail "Ilizuxt" {vorpal, rC+ MR+
                  | MP+9} (You found it on level 8 of the Dungeon)
  4468 | D:8      | Reached skill level 7 in Axes
  4810 | D:7      | Reached **** piety under Trog
  4921 | D:6      | Reached XP level 9. HP: 43/56 MP: 9/9
  5003 | D:6      | Noticed Maggie
  5014 | D:6      | Killed Maggie
  5014 | D:6      | Reached skill level 8 in Axes
  5324 | D:5      | Found a white marble altar of Elyvilon.
  6252 | D:7      | Found a staircase to the Ecumenical Temple.
  6300 | D:7      | Got a fine scimitar
  6301 | D:7      | Identified the +6 scimitar of Bodily Harmony {freeze, Dex+4
                  | SInv Stlth-} (You found it on level 7 of the Dungeon)
  6383 | D:7      | Reached skill level 9 in Axes
  6834 | D:8      | Noticed Erica
  6850 | D:8      | Killed Erica
  6850 | D:8      | Reached skill level 10 in Axes
  6850 | D:8      | Reached XP level 10. HP: 65/65 MP: 8/10
  7006 | D:8      | Reached ***** piety under Trog
  7410 | D:8      | Noticed a moth of wrath
  7412 | D:8      | Found a bloodstained altar of Trog.
  7596 | D:9      | Noticed Pikel
  7620 | D:8      | Killed Pikel
  7647 | D:9      | Reached skill level 11 in Axes
  8053 | D:9      | Found a staircase to the Orcish Mines.
  8102 | D:9      | Reached skill level 10 in Fighting
  8115 | D:9      | Reached XP level 11. HP: 72/72 MP: 9/11
  8117 | D:9      | Found an iron altar of Okawaru.
  8561 | D:9      | Reached skill level 1 in Evocations
  8789 | D:9      | Reached skill level 12 in Axes
  9031 | D:10     | Entered Level 10 of the Dungeon
  9353 | D:10     | Noticed a two-headed ogre
  9362 | D:10     | Killed a two-headed ogre
  9683 | D:11     | Noticed Erolcha
  9702 | D:11     | Killed Erolcha
  9782 | D:11     | Received a gift from Trog
  9807 | D:11     | Noticed Sonja
  9840 | D:11     | Killed Sonja
  9847 | D:11     | Got a steaming falchion
 10064 | D:11     | Noticed a red ugly thing
 10070 | D:11     | Killed a red ugly thing
 10088 | D:11     | Noticed a purple ugly thing
 10092 | D:11     | Killed a purple ugly thing
 10325 | D:11     | Noticed an unseen horror
 10327 | D:11     | Killed an unseen horror
 10342 | D:11     | Found a staircase to the Lair.
 10373 | D:11     | Reached skill level 13 in Axes
 10373 | D:11     | Reached XP level 12. HP: 80/80 MP: 12/12
 10436 | Lair:1   | Entered Level 1 of the Lair of Beasts
 10793 | Lair:1   | You fall into a shaft and drop 1 floor!
 10810 | Lair:1   | Noticed a four-headed hydra
 10822 | Lair:1   | Killed a one-headed hydra
 11202 | Lair:1   | Noticed Nergalle
 11216 | Lair:1   | Killed Nergalle
 11609 | Lair:2   | Reached skill level 5 in Evocations
 12209 | Lair:2   | Received a gift from Trog
 12524 | Lair:3   | Noticed a five-headed hydra
 12533 | Lair:3   | Killed a one-headed hydra
 12708 | Lair:3   | Found a hole to the Spider Nest.
 12873 | Lair:3   | Reached XP level 13. HP: 76/86 MP: 11/13
 13326 | Lair:4   | Reached skill level 14 in Axes
 13497 | Lair:4   | You fall into a shaft and drop 2 floors!
 13497 | Lair:6   | Entered Level 6 of the Lair of Beasts
 13581 | Lair:6   | Identified the +4 falchion of the Ecumenical Temple
                  | {vorpal, +Fly rPois MR+ Dex-4} (You found it on level 11 of
                  | the Dungeon)
 13692 | Lair:6   | Received a gift from Trog
 13695 | Lair:6   | Got a masterwork battleaxe {god gift}
 13698 | Lair:6   | Identified the +10 battleaxe of the Heavens {vorpal, rF+
                  | Str+4} (Trog gifted it to you on level 6 of the Lair of
                  | Beasts)
 13907 | Lair:6   | Reached skill level 15 in Axes
 14091 | Lair:6   | Gained mutation: Your large and strong wings let you fly
                  | indefinitely. [Gargoyle growth]
 14091 | Lair:6   | Reached XP level 14. HP: 50/94 MP: 10/14
 14333 | Lair:6   | Found a staircase to the Slime Pits.
 14803 | Lair:6   | Reached skill level 10 in Armour
 15062 | Lair:6   | Received a gift from Trog
 15253 | Lair:6   | Got a shimmering chain mail
 16048 | Lair:6   | Identified the +2 chain mail of Fadi {rElec} (You found it
                  | on level 6 of the Lair of Beasts)
 16215 | Lair:5   | Reached skill level 16 in Axes
 16662 | Lair:5   | Noticed Josephine
 16669 | Lair:5   | Killed Josephine
 17245 | Lair:4   | Found a staircase to the Shoals.
 17290 | Lair:4   | Identified Ozailube's Easy Spellweaving
 18004 | D:12     | You are sucked into a shaft and drop 1 floor!
 18048 | D:13     | Reached XP level 15. HP: 101/101 MP: 15/15
 18744 | D:13     | Received a gift from Trog
 18876 | D:13     | Found a gate to the Vaults.
 18880 | D:13     | Reached skill level 17 in Axes
 19181 | D:13     | Reached skill level 15 in Fighting
 19200 | D:13     | Noticed an emperor scorpion
 19200 | D:13     | a dire elephant changed into an emperor scorpion
 19208 | D:13     | an emperor scorpion changed into a seven-headed hydra
 19378 | D:13     | Noticed a frost giant
 19390 | D:13     | Killed a frost giant
 19684 | D:13     | Reached ****** piety under Trog
 19947 | D:14     | Noticed Azrael
 19960 | D:14     | Received a gift from Trog
 19965 | D:14     | Killed Azrael
 20325 | D:14     | Reached XP level 16. HP: 101/108 MP: 13/16
 20677 | D:14     | Found Rauck's Magic Scroll Shop.
 20683 | D:14     | Bought a scroll of identify for 22 gold pieces
 20683 | D:14     | Bought a scroll of teleportation for 33 gold pieces
 20683 | D:14     | Bought a scroll of teleportation for 33 gold pieces
 20683 | D:14     | Bought a scroll of teleportation for 33 gold pieces
 20683 | D:14     | Bought a scroll of identify for 22 gold pieces
 20683 | D:14     | Bought a scroll of identify for 22 gold pieces
 20683 | D:14     | Bought a scroll of holy word for 82 gold pieces
 20683 | D:14     | Bought a scroll of acquirement for 572 gold pieces
 20699 | D:14     | Reached skill level 18 in Axes
 20885 | D:14     | Noticed Roxanne
 20907 | D:14     | Killed Roxanne
 20907 | D:14     | Received a gift from Trog
 21471 | D:15     | Entered Level 15 of the Dungeon
 21633 | D:15     | Found a staircase to the Depths.
 21880 | D:15     | Found Cuetyff's Distillery.
 21889 | D:15     | Noticed Nessos
 22026 | D:15     | Killed Nessos
 22496 | D:15     | Bought a potion of heal wounds for 95 gold pieces
 22496 | D:15     | Bought a potion of curing for 57 gold pieces
 22496 | D:15     | Bought a potion of stabbing for 76 gold pieces
 22496 | D:15     | Bought a potion of heal wounds for 95 gold pieces
 22498 | D:15     | Acquired the ring "Fofrouxt" {+Inv rPois rF++ Str+6}
 22765 | Orc:1    | Entered Level 1 of the Orcish Mines
 22765 | Orc:1    | Found a roughly hewn altar of Beogh.
 22769 | Orc:1    | Paralysed by an orc sorcerer for 3 turns
 23208 | Orc:1    | Received a gift from Trog
 23402 | Orc:1    | Found Boumethru's Weapon Shoppe.
 23434 | Orc:2    | Entered Level 2 of the Orcish Mines
 23434 | Orc:2    | Noticed Rupert
 23449 | Orc:2    | Killed Rupert
 23546 | Orc:2    | Found a staircase to the Elven Halls.
 23587 | Orc:2    | Found a frozen archway.
 23593 | Orc:2    | Received a gift from Trog
 23624 | IceCv    | Entered an ice cave
 23761 | IceCv    | Found an ancient bone altar of Kikubaaqudgha.
 23974 | IceCv    | Reached XP level 17. HP: 50/116 MP: 6/17
 24010 | IceCv    | Got an ancient bone ring
 24016 | IceCv    | Got a pair of blackened gloves
 24027 | IceCv    | Identified the +2 pair of gloves of Kikubaaqudgha's Esteem
                  | {rPois} (You found it in an ice cave)
 24127 | Orc:2    | Paralysed by an orc sorcerer for 6 turns
 24147 | Orc:2    | Received a gift from Trog
 24239 | Orc:2    | Reached skill level 19 in Axes
 24250 | Orc:2    | Found Wilup's Distillery.
 24250 | Orc:2    | Found Neohoop's Jewellery Boutique.
 24252 | Orc:2    | Found Symoahu's Antique Weapon Shoppe.
 24252 | Orc:2    | Found Poyleuk's Weapon Boutique.
 24258 | Orc:2    | Bought a potion of heal wounds for 80 gold pieces
 24265 | Orc:2    | Bought the ring "Qalun" {rElec Str+6 Dex+4} for 1213 gold
                  | pieces
 24270 | Orc:2    | Identified the ring of Winter {Ice Str+2} (You found it in
                  | an ice cave)
 24713 | Orc:1    | Found a runed translucent door.
 24732 | Orc:1    | Found the +10 tower shield of Ignorance {rN+ Int-4}
 24853 | Orc:1    | Found a runed translucent door.
 25241 | Spider:1 | Entered Level 1 of the Spider Nest
 25384 | Spider:1 | Received a gift from Trog
 25387 | Spider:1 | Got a crystal broad axe {god gift}
 25388 | Spider:1 | Identified the +2 broad axe "Mum Zurgh" {vorpal, Dex+2}
                  | (Trog gifted it to you on level 1 of the Spider Nest)
 25467 | Spider:1 | Reached skill level 10 in Evocations
 26921 | Spider:2 | Noticed Asterion
 26927 | Spider:2 | Noticed an Executioner
 26936 | Spider:2 | Killed Asterion
 26971 | Spider:2 | Received a gift from Trog
 26985 | Spider:2 | Got a crude broad axe {god gift}
 26986 | Spider:2 | Identified the +11 broad axe "Nushec" {flame, rF+ Str+3
                  | Int+4} (Trog gifted it to you on level 2 of the Spider
                  | Nest)
 27695 | Spider:3 | Acquired a +1 crystal plate armour
 28376 | Spider:4 | Entered Level 4 of the Spider Nest
 28414 | Spider:4 | Noticed Kirke
 28433 | Spider:4 | HP: 4/117 [something (6)]
 28436 | Spider:4 | Noticed Agnes
 28437 | Spider:4 | Reached XP level 18. HP: 26/124 MP: 2/18
 28443 | Spider:4 | Killed Agnes
 28470 | Spider:4 | Killed Kirke
 28936 | Spider:4 | Received a gift from Trog
 29067 | Spider:4 | Reached skill level 20 in Axes
 29450 | Spider:4 | Got a gossamer rune of Zot
 29922 | Shoals:1 | Entered Level 1 of the Shoals
 29956 | Shoals:1 | Found a runed translucent gate.
 29956 | Shoals:1 | Found a runed translucent gate.
 29956 | Shoals:1 | Found a runed translucent gate.
 29957 | Shoals:1 | Found an opulent altar of Gozag.
 29957 | Shoals:1 | Noticed Hymn's ghost (journeyman DDFi)
 29958 | Shoals:1 | Found Baxirph's Assorted Antiques.
 29959 | Shoals:1 | Found Hasefa's Assorted Antiques.
 30494 | Shoals:1 | Found a gateway to a bazaar.
 30651 | Bazaar   | Entered a bazaar
 30706 | Bazaar   | Found Muvvav's Armour Emporium.
 30706 | Bazaar   | Found Dipitob's General Store.
 30724 | Bazaar   | Bought a scroll of vulnerability for 82 gold pieces
 30724 | Bazaar   | Bought a potion of curing for 33 gold pieces
 30724 | Bazaar   | Bought a scroll of summoning for 104 gold pieces
 30744 | Bazaar   | Found Qibloz's Book Shoppe.
 30744 | Bazaar   | Found Ogouk's Assorted Antiques.
 30762 | Bazaar   | Bought a potion of haste for 210 gold pieces
 30762 | Bazaar   | Bought a scroll of identify for 42 gold pieces
 30762 | Bazaar   | Bought a scroll of identify for 42 gold pieces
 30762 | Bazaar   | Bought a scroll of identify for 42 gold pieces
 30984 | Shoals:1 | Killed Hymn's ghost
 31034 | Shoals:1 | Bought 2 potions of heal wounds for 310 gold pieces
 31034 | Shoals:1 | Bought a scroll of identify for 62 gold pieces
 31034 | Shoals:1 | Bought 2 potions of curing for 186 gold pieces
 31097 | Shoals:2 | Noticed Ilsuiw
 31139 | Shoals:2 | Killed Ilsuiw
 31618 | Shoals:2 | Received a gift from Trog
 32079 | Shoals:3 | Noticed Polyphemus
 32079 | Shoals:3 | Found a hide-covered altar of Uskayaw.
 32090 | Shoals:3 | Killed Polyphemus
 32145 | Shoals:3 | Reached XP level 19. HP: 74/130 MP: 19/19
 33242 | Shoals:4 | Entered Level 4 of the Shoals
 33875 | Shoals:4 | Received a gift from Trog
 34209 | Shoals:4 | Reached skill level 21 in Axes
 34513 | Shoals:4 | Identified the +6 quarterstaff of the Feather {vorpal,
                  | *Slow rPois Dex+4}
 34851 | Shoals:4 | Got a barnacled rune of Zot
 35547 | Vaults:1 | Entered Level 1 of the Vaults
 35745 | Vaults:1 | Received a gift from Trog
 35956 | Vaults:1 | Identified the +8 war axe of Duty {flame, rElec rC+ rN+}
                  | (You found it on level 1 of the Vaults)
 36485 | Vaults:1 | Reached XP level 20. HP: 137/137 MP: 20/20
 36807 | Vaults:2 | Noticed Jory
 36822 | Vaults:2 | Killed Jory
 37220 | Vaults:2 | Received a gift from Trog
 37769 | Vaults:2 | Received a gift from Trog
 38116 | Vaults:2 | Reached skill level 22 in Axes
 39301 | Vaults:3 | Received a gift from Trog
 39392 | Vaults:3 | Reached XP level 21. HP: 109/144 MP: 21/21
 40129 | Vaults:3 | Found Demas's Weapon Emporium.
 40151 | Vaults:3 | Found Nissaumudd's Magic Scroll Shop.
 40161 | Vaults:3 | Bought a scroll of identify for 40 gold pieces
 40161 | Vaults:3 | Bought a scroll of holy word for 150 gold pieces
 40161 | Vaults:3 | Bought a scroll of identify for 40 gold pieces
 40161 | Vaults:3 | Bought a scroll of identify for 40 gold pieces
 40161 | Vaults:3 | Bought a scroll of identify for 40 gold pieces
 40161 | Vaults:3 | Bought a scroll of identify for 40 gold pieces
 40161 | Vaults:3 | Bought a scroll of immolation for 70 gold pieces
 40262 | Vaults:3 | Found a staircase to the Crypt.
 40262 | Vaults:3 | Found a basalt altar of Yredelemnul.
 40263 | Vaults:3 | Found an ancient bone altar of Kikubaaqudgha.
 40335 | Vaults:3 | Found Sunlil's Antique Armour Shoppe.
 40344 | Vaults:3 | Bought a pair of transparent boots for 275 gold pieces
 40344 | Vaults:3 | Bought an embroidered cloak for 217 gold pieces
 40368 | Vaults:3 | Identified the cursed +0 pair of boots "Eddaajeil" {*Drain
                  | +Inv rPois Dex+5} (You bought it in a shop on level 3 of
                  | the Vaults)
 40383 | Vaults:3 | Received a gift from Trog
 40396 | Vaults:3 | Found Optaopp's Book Shoppe.
 40398 | Vaults:3 | Reached skill level 15 in Armour
 40699 | Vaults:3 | Paralysed by an ogre mage for 5 turns
 40978 | Vaults:3 | Found Daig's Weapon Shoppe.
 41195 | Vaults:4 | Received a gift from Trog
 41363 | Vaults:4 | Noticed Sojobo
 41384 | Vaults:4 | Killed Sojobo
 41392 | Vaults:4 | Reached skill level 23 in Axes
 41820 | Vaults:4 | Received a gift from Trog
 41911 | Vaults:4 | Reached XP level 22. HP: 152/152 MP: 22/22
 41931 | Vaults:4 | Got a translucent broad axe
 41932 | Vaults:4 | Identified the +9 broad axe "Noufi" {antimagic, *Noise
                  | rF++} (You found it on level 4 of the Vaults)
 41999 | Vaults:4 | Found a portal to a secret trove of treasure.
 42017 | Vaults:4 | You paid a toll of 18 potions of curing to enter a treasure
                  | trove
 42018 | Trove    | Entered a treasure trove
 42022 | Trove    | Found the amulet of the Four Winds {rN+ MR+++ Clar}
 42023 | Trove    | Got a serpentine golden ring
 42025 | Trove    | Got a scorched jade ring
 42053 | Trove    | Identified the ring "Qibyett" {Ice Int+4} (You found it in
                  | a treasure trove)
 42054 | Trove    | Identified the ring "Piurilof" {Fire rElec rN+ Str+3 Dex-4}
                  | (You found it in a treasure trove)
 42982 | Elf:1    | Entered Level 1 of the Elven Halls
 43001 | Elf:1    | Found a radiant altar of Vehumet.
 43080 | Elf:1    | Found a ruined gateway.
 43099 | Desolati | Entered the Desolation of Salt
 43286 | Desolati | Received a gift from Trog
 43550 | Desolati | Identified the ring "Areig" {rN+ SInv}
 43715 | Desolati | Identified the Volume of Hexes and Conjuration
 43717 | Desolati | Identified the Tome of Ghastly Ice
 43720 | Desolati | Identified the Catalogue of Mutagenic Summoning
 43929 | Desolati | Got a steaming garnet amulet
 43936 | Desolati | Identified the amulet "Ucicli Noar" {Inacc rN+} (You found
                  | it in the Desolation of Salt)
 44060 | Desolati | Received a gift from Trog
 44060 | Desolati | Reached skill level 24 in Axes
 44423 | Desolati | Identified the Tome of Fire and Conjuration
 44427 | Desolati | Identified Sif Muna's Handbook of Supportive Feathers
 44438 | Desolati | Identified the +0 helmet of the Raven {+Blink rN+ MP-9
                  | Slay+2} (You found it in the Desolation of Salt)
 44520 | Elf:1    | Noticed Frances
 44531 | Elf:1    | Killed Frances
 45118 | Elf:1    | Found Kigaj's Distillery.
 45126 | Elf:1    | Bought a potion of curing for 42 gold pieces
 45126 | Elf:1    | Bought a potion of curing for 42 gold pieces
 45126 | Elf:1    | Bought a potion of curing for 42 gold pieces
 45126 | Elf:1    | Bought a potion of haste for 140 gold pieces
 45245 | Elf:1    | Received a gift from Trog
 45253 | Elf:1    | Got a polished battleaxe {god gift}
 45254 | Elf:1    | Identified the +2 battleaxe of the Special Gods {vorpal,
                  | rF+ rN++} (Trog gifted it to you on level 1 of the Elven
                  | Halls)
 45678 | Elf:2    | Identified the +2 cloak "Itsuisch" {rElec} (You found it on
                  | level 2 of the Elven Halls)
 45734 | Elf:2    | Found a runed translucent door.
 45736 | Elf:2    | Noticed Horhip's ghost (adept DrVM)
 45773 | Elf:2    | Killed Horhip's ghost
 45773 | Elf:2    | Reached XP level 23. HP: 160/160 MP: 4/23
 45775 | Elf:2    | Identified Siepyagh's Collected Works on the Escort and Ice
 46182 | Elf:2    | Found a huge runed translucent gate.
 46182 | Elf:2    | Found a huge runed translucent gate.
 46187 | Elf:2    | Found a huge runed translucent gate.
 46188 | Elf:2    | Found a huge runed translucent gate.
 46188 | Elf:2    | Found a huge runed translucent gate.
 46361 | Elf:2    | Received a gift from Trog
 46731 | Elf:3    | Entered Level 3 of the Elven Halls
 47688 | Elf:3    | Identified the +8 demon blade of Blood-Lust {vamp, rC+ MR-
                  | Str+4 SInv}
 47734 | Elf:3    | Reached skill level 25 in Axes
 47734 | Elf:3    | Received a gift from Trog
 48027 | Elf:3    | Slain by an Ice Fiend

Illustrated notes

Levels and vault maps discovered:
D:1:      zelgadis_glass_arrival_small, layout_basic, minmay_misc_feat_columns
D:2:      minmay_recursive_quarters, layout_loops_ring, lemuel_round_altar
D:3:      layout_loops_ring, nicolae_overflow_crystal_walls, old_standard_altar,
          uniq_jessica, uniq_crazy_yiuf_cottage, uniq_robin
D:4:      kennysheep_spiral_hall, layout_gridville, kennysheep_mini_moat,
          serial_glass, glass_columns_a, glass_columns_b, glass_columns_b,
          glass_columns_a, uniq_edmund
D:5:      layout_gridville, marbit_many_paths, lemuel_coloured_pillars_altar,
          grunt_temple_overflow_open
D:6:      layout_basic, uniq_maggie
D:7:      layout_loops_cross, minmay_temple_entry_mini_moons
D:8:      layout_cave_pools, tgw_trog, uniq_joseph, uniq_erica
D:9:      layout_rooms, erik_orc_4, special_room [special_room_bee],
          okawaru_ov_weapons_minmay, uniq_pikel
D:10:     layout_irregular_city
D:11:     layout_rooms, erik_lair_dragon, hangedman_abyss_or_decor_stabs,
          kennysheep_generic_room_15, uniq_sonja, uniq_erolcha
D:12:     layout_irregular_city, hangedman_misty_isle
D:13:     thingy_vault, layout_long_grid, grunt_vaults_entry_tiered,
          minmay_fountain_box
D:14:     four-leaf_vault, layout_rooms, serial_shops, nicolae_shop_trees,
          chequers_serial_rivers_room_b, uniq_azrael, uniq_roxanne
D:15:     grunt_enter_depths_snipers, layout_irregular_city,
          serial_column_ruins, column_ruins_hut_ruined,
          column_ruins_corridor_dead_end, column_ruins_grid_3,
          column_ruins_open_large, column_ruins_open_tiny,
          column_ruins_columns_corner, column_ruins_open_large, serial_shops,
          shop, minmay_fire_ice_demons, uniq_nessos
Lair:1:   layout_cave_pods, uniq_nergalle
Lair:2:   wad_woods_settlement, layout_hall_layers
Lair:3:   layout_gridlike, nicolae_spider_entry_non_spiders, lemuel_fruit_tree
Lair:4:   cheibrodos_lair_river_kwai, layout_long_grid,
          elwin_shoals_entry_rooms, grunt_megastairs_3, serial_bayou_shore_a
Lair:5:   layout_cellular_growth, grunt_megastairs_4, uniq_josephine
Lair:6:   minmay_lair_end_frog_pond, layout_small_grid,
          minmay_slime_entry_pillars, bobbens_dragon_lair_wall,
          minmay_lair_oklob_chamber, infiniplex_staircase_pool_2
Shoals:1: layout_shoals, serial_shops, freezing_bzr, ebering_ghost_gozag
Shoals:2: layout_shoals, uniq_ilsuiw
Shoals:3: layout_shoals, lemuel_altar_in_water, uniq_polyphemus
Shoals:4: shoals_end_simple, layout_shoals
Spider:1: layout_chambers
Spider:2: layout_spider_delve, uniq_asterion
Spider:3: layout_spider_delve
Spider:4: grunt_spider_rune_circles, special_room, uniq_kirke, uniq_agnes
Orc:1:    layout_caves, basic_altar, special_room [special_room_orc],
          serial_shops, shop, chequers_guarded_unrand_ignorance
Orc:2:    grunt_orc_tribal_feast, layout_diamond_mine, enter_volcano_3,
          portal_ice_cave_demonic_guard, uniq_rupert
Elf:1:    eino_elf_arrival_altar, layout_loops_corners, serial_shops, shop,
          portal_desolation_entry_nicolae_slug, minivault_28, minivault_14,
          minivault_27, uniq_frances
Elf:2:    layout_gridlike, gammafunk_ghost_grave, item_on_display_a
Elf:3:    minmay_elf_hall_not_hex, layout_loops_ring
Vaults:1: hangedman_vaults_restitches, v_misc_3, v_pattern_5,
          nicolae_vaults_mini_display_case, v_alt_pattern_3,
          layout_vaults_quadrants
Vaults:2: v_rooms_4, nicolae_vaults_network_periphery, v_misc_17,
          vaults_room_door_ring, nicolae_vaults_network_star,
          nicolae_vaults_windows_and_doors_thing, nicolae_vaults_gold_heap,
          hangedman_vaults_variations, nicolae_vaults_what_the_h,
          vaults_room_octagon, vaults_dpeg_doors, st_cells,
          vaults_room_stairs_pillars, layout_vaults_omnibox, uniq_jory
Vaults:3: v_misc_33, vaults_room_glass_cross, vaults_room_fancy_cross,
          hangedman_vaults_stream, vaults_mumra_chevron_long,
          vaults_standard_mumra_x, nicolae_vaults_three_branches,
          nicolae_vaults_specimen_jars, v_misc_31, vaults_dpeg_cross,
          minmay_crypt_entry_necro_gods, vaults_room_pool, vaults_dpeg_ring,
          v_misc_18, nicolae_vaults_circle_grid_b, layout_vaults_maze,
          serial_shops, shop, shop, shop, nicolae_shop_waterfront,
          nicolae_shop_temple_entry_statues_fountains
Vaults:4: v_rooms_1, hangedman_vaults_unwind, ontoclasm_vaults_shout,
          nicolae_vaults_little_squares_1, vaults_room_ringed_pool,
          hangedman_vaults_trim, vaults_room_pools, nicolae_vaults_alarming,
          layout_vaults_big_room, enter_trove_3, uniq_sojobo

Skill      XL: |  1  2  3  4  5  6  7  8  9 10 11 12 13 14 15 16 17 18 19 20 21 22 23 |
---------------+----------------------------------------------------------------------+-----
Axes           | 3 4 5 6 7 10 11 13 15 16 17 18 19 20 21 22 23 24 25 | 25.1
Stealth        | 1 |  1.3
Fighting       | 4 5 6 8 10 11 12 13 14 15 16 17 18 19 20 21 | 21.9
Dodging        | 2 3 4 |  4.1
Armour         | 3 4 5 6 7 9 10 12 13 14 15 | 15.0
Evocations     | 4 5 6 7 9 10 11 12 | 12.5

Action                   |  1- 3 |  4- 6 |  7- 9 | 10-12 | 13-15 | 16-18 | 19-21 | 22-24 || total
-------------------------+-------+-------+-------+-------+-------+-------+-------+-------++-------
Melee: Hand axe          |    92 |   261 |   152 |       |       |       |       |       ||   505
       Flail             |       |       |   141 |       |       |       |       |       ||   141
       War axe           |       |       |    35 |    45 |       |       |       |       ||    80
       Broad axe         |       |       |       |   297 |       |       |       |       ||   297
       Executioner's axe |       |       |       |   244 |   210 |     6 |       |   608 ||  1068
       Battleaxe         |       |       |       |       |   539 |  1117 |  1059 |    94 ||  2809
       Unarmed           |       |       |       |       |       |    10 |       |       ||    10
Invok: Berserk           |     1 |     4 |     6 |    11 |    12 |    14 |    10 |     5 ||    63
       Trog's Hand       |       |       |     1 |       |     9 |    19 |     8 |     8 ||    45
       Brothers in Arms  |       |       |       |       |       |     2 |       |       ||     2
 Abil: Fly               |       |       |       |       |     1 |       |       |       ||     1
Evoke: Lightning rod     |       |       |       |       |     4 |       |       |     7 ||    11
       Wand              |       |       |       |       |       |     9 |       |     2 ||    11
  Use: Scroll            |       |       |    15 |     5 |     8 |    14 |     5 |    18 ||    65
       Potion            |       |       |       |       |       |     2 |       |       ||     2
 Stab: Distracted        |       |       |       |     1 |       |       |       |     1 ||     2
       Held in net/web   |       |       |       |       |       |     1 |       |       ||     1
Armor: Animal skin       |    34 |     7 |       |       |       |       |       |       ||    41
       Scale mail        |       |   114 |    46 |       |       |       |       |       ||   160
       Plate armour      |       |       |   243 |   678 |   685 |   603 |       |       ||  2209
       Skin              |       |       |    22 |       |       |       |       |       ||    22
       Crystal plate arm |       |       |       |       |       |   467 |   907 |   572 ||  1946
Dodge: Dodged            |    73 |   121 |   196 |   276 |   473 |   702 |   463 |   210 ||  2514
Block: Other             |       |       |       |       |       |       |    88 |       ||    88
       Reflection        |       |       |       |       |       |       |     7 |       ||     7

Table legend: (Time is in decaauts)
 A = Elapsed time spent in this place.
 B = Non-inter-level travel time spent in this place.
 C = Inter-level travel time spent in this place.
 D = Time resting spent in this place.
 E = Time spent auto-exploring this place.
 F = Levels seen in this place.
 G = Mean time per level.
                   A        B        C        D        E       F      G
               +--------+--------+--------+--------+--------+-----+--------+
         Total |  47966 |  45482 |   2484 |   1056 |  34553 |  42 | 1142.0 |
       Dungeon |  15913 |  14917 |    996 |    248 |  11507 |  15 | 1060.9 |
          Lair |   7922 |   7324 |    598 |    238 |   5711 |   6 | 1320.3 |
        Shoals |   5150 |   4951 |    199 |    433 |   3534 |   4 | 1287.5 |
   Spider Nest |   4519 |   4398 |    121 |     11 |   3652 |   4 | 1129.8 |
  Orcish Mines |   1794 |   1668 |    126 |      0 |   1114 |   2 |  897.0 |
   Elven Halls |   3560 |   3499 |     61 |    102 |   2556 |   3 | 1186.7 |
        Vaults |   7076 |   6695 |    381 |     23 |   5320 |   4 | 1769.0 |
        Bazaar |    121 |    121 |      0 |      0 |    108 |   1 |  121.0 |
         Trove |     62 |     62 |      0 |      0 |      4 |   1 |   62.0 |
      Ice Cave |    502 |    502 |      0 |      0 |    126 |   1 |  502.0 |
    Desolation |   1342 |   1342 |      0 |      0 |    918 |   1 | 1342.0 |
               +--------+--------+--------+--------+--------+-----+--------+

Top non-repeatable levels by time:
  Lair:6: 2693 daAuts
Vaults:2: 2406 daAuts
Vaults:3: 1848 daAuts
Spider:1: 1698 daAuts
Shoals:4: 1570 daAuts
    D:14: 1545 daAuts
Shoals:3: 1535 daAuts
Vaults:4: 1466 daAuts
     D:8: 1450 daAuts
    D:13: 1420 daAuts
Spider:4: 1382 daAuts
Vaults:1: 1354 daAuts
Desolation: 1342 daAuts
  Lair:1: 1288 daAuts
     D:9: 1266 daAuts
